 Dungeon Crawl Stone Soup version 0.26.0-18-gc5c842f807 (webtiles) character file.

Game seed: 15321725268288579865

145 thiole the Sneak (level 5, -9/31 HPs)
             Began as an Octopode Hedge Wizard on Jan 23, 2021.
             Was an Initiate of Sif Muna.
             Killed by divine providence
             ... invoked by an orc priest
              (13 damage)
             ... on level 2 of the Dungeon.
             The game lasted 00:03:47 (3104 turns).

thiole the Sneak (Octopode Hedge Wizard)            Turns: 3104, Time: 00:03:48

Health: -9/31      AC:  1    Str: 10    XL:     5   Next: 27%
Magic:  10/10      EV: 13    Int: 17    God:    Sif Muna [......]
Gold:   131        SH:  0    Dex: 11    Spells: 7/11 levels left

rFire    . . .     SeeInvis .   d - +0 dagger (elec)
rCold    . . .     Faith    .   (no shield)
rNeg     . . .     Spirit   .   b - +0 hat
rPois    .         Reflect  .   (no amulet)
rElec    .         Harm     .   (no ring)
rCorr    .         Rampage  .   (no ring)
Will     .....                  (no ring)
Stlth    ++++......             (no ring)
HPRegen  0.10/turn              (no ring)
MPRegen  0.12/turn              (no ring)
                                (no ring)
                                (no ring)

@: no status effects
A: almost no armour, stealthy swim, amphibious, 8 rings, constrict 8, camouflage
1, gelatinous body 1
a: Renounce Religion


You were on level 2 of the Dungeon.
You worshipped Sif Muna.
Sif Muna was noncommittal.
You visited 1 branch of the dungeon, and saw 3 of its levels.

You collected 131 gold pieces.

Inventory:

Hand Weapons
 a - a +0 dagger
 d - a +0 dagger of electrocution (weapon)
Armour
 b - a +0 hat (worn)
Jewellery
 n - a cursed -4 ring of strength {unknown}
Scrolls
 f - 2 scrolls of identify {unknown}
 l - a scroll of enchant weapon {unknown}
 m - a scroll of teleportation {unknown}
Potions
 c - 2 potions of berserk rage {unknown}
 e - a potion of mutation {unknown}
 g - 3 potions of invisibility {unknown}
 h - a potion of magic {unknown}
 i - 3 potions of flight {unknown}
 j - a potion of curing {unknown}
 k - a potion of might {unknown}
 o - a potion of heal wounds {unknown}


   Skills:
 - Level 2.0 Dodging
 + Level 4.8 Stealth
 + Level 3.9 Spellcasting
 - Level 2.0 Conjurations
 - Level 2.0 Summonings
 - Level 1.0 Translocations
 * Level 0.8 Air Magic


You had 7 spell levels left.
You knew the following spells:

 Your Spells              Type           Power        Failure   Level
a - Magic Dart            Conj           40%          7%          1
b - Mephitic Cloud        Conj/Pois/Air  6%           32%         3

Your spell library contained the following spells:

 Spells                   Type           Power        Failure   Level
 Call Imp                 Summ           10%          11%         2
 Blink                    Tloc           N/A          16%         2
 Slow                     Hex            3%           24%         2
 Conjure Flame            Conj/Fire      6%           32%         3


Dungeon Overview and Level Annotations

Branches:
Dungeon (3/15)

Altars:
Sif Muna
Uskayaw


Innate Abilities, Weirdness & Mutations

You cannot wear most types of armour.
You are very stealthy in the water. (Stealth+)
You are amphibious.
You can wear up to eight rings at the same time.
You can use your tentacles to constrict eight enemies at once.
Your skin changes colour to match your surroundings (Stealth+).
Your rubbery body absorbs attacks. (AC +1, EV +1)


Message History

You constrict the orc priest. The orc priest closely misses you.
You hit the orc priest. Your squeeze misses the orc priest.
The orc priest is lightly wounded.
You constrict the orc priest. The orc priest hits you with a +0 club.
You hit the orc priest.
The orc priest is lightly wounded.
You constrict the orc priest, but do no damage.
The orc priest closely misses you.
You hit the orc priest. You squeeze the orc priest.
The orc priest is heavily wounded.
You constrict the orc priest.
The orc priest calls down the wrath of Beogh upon you.
Pain shoots through your body!
* * * LOW HITPOINT WARNING * * *
You hit the orc priest but do no damage.
The orc priest is severely wounded.
You constrict the orc priest.
The orc priest invokes the aid of Beogh against you.
Beogh smites you!
You die...

..............<#..# #####......
...#####.......#..#
###....†#.... ...#
###........###...######### ...#
#.####.......##### .#.###
###########.......######
##...####8###8####..#####......#
####.##8...8...8##...# #####..#
# #.##.........##...# #..##
#.#_........o@#...# #.##
####.........###### ###.#
###.##8...8...8### #...#
##...####8###8### ###.###
...############## #####...#
####...# ##..#..####.....###
.......###.......#........#
###.......................#
#...####..................#


You could see an orc priest.

Vanquished Creatures
  4 gnolls (D:2)
  3 adders (D:3)
  An ooze (D:2)
  2 dart slugs (D:1)
  3 leopard geckos
  2 orcs
  9 bats
  4 giant cockroaches
  6 goblins
  6 hobgoblins
  8 jackals
  2 quokkas (D:2)
  2 ball pythons
  5 frilled lizards
  3 kobolds
  4 rats
64 creatures vanquished.

Notes
Turn   | Place    | Note
-------+----------+-------------------------------------------
     0 | D:1      | thiole the Octopode Hedge Wizard began the quest for the
                  | Orb.
     0 | D:1      | Reached XP level 1. HP: 11/11 MP: 4/4
   190 | D:1      | Reached XP level 2. HP: 11/17 MP: 0/6
   391 | D:1      | Reached skill level 3 in Stealth
   850 | D:1      | Reached XP level 3. HP: 21/21 MP: 3/7
  1330 | D:2      | Found a hide-covered altar of Uskayaw.
  1751 | D:2      | Reached XP level 4. HP: 24/27 MP: 1/9
  1757 | D:2      | Reached skill level 4 in Stealth
  2240 | D:3      | Learned a level 3 spell: Mephitic Cloud
  2263 | D:3      | Reached XP level 5. HP: 28/31 MP: 7/10
  2879 | D:3      | Found a shimmering blue altar of Sif Muna.
  2950 | D:3      | Became a worshipper of Sif Muna the Loreminder
  3104 | D:2      | Killed from afar by an orc priest

Illustrated notes

Levels and vault maps discovered:
D:1:      elethiomel_arrival_quiet, layout_basic, serial_forest,
          infiniplex_forest_clump_tiny, infiniplex_forest_end_2,
          infiniplex_forest_straight_2, infiniplex_forest_corner_1,
          infiniplex_forest_lined_room_2, infiniplex_forest_3_way,
          infiniplex_forest_lined_room_2
D:2:      layout_rooms, nicolae_overflow_hidden_temple
D:3:      lemuel_upstairs_altar, layout_loops_corners, old_standard_altar,
          st_stairs_3

Skill      XL: |  1  2  3  4 |
---------------+-------------+-----
Stealth        | 3 4 |  4.8
Conjurations   | 2 |  2.0
Summonings     | 2 |  2.0
Dodging        | |  2.0
Spellcasting   | |  3.9
Translocations | |  1.0
Air Magic      | |  0.8

Action                   |  1- 3 |  4- 6 || total
-------------------------+-------+-------++-------
Melee: Dagger            |    31 |    54 ||    85
       Tentacles         |     3 |    11 ||    14
       Constrict         |     8 |    12 ||    20
 Cast: Magic Dart        |    65 |    34 ||    99
 Stab: Sleeping          |     1 |       ||     1
Armor: Skin              |     2 |     4 ||     6
Dodge: Dodged            |    21 |    34 ||    55
